 Dungeon Crawl Stone Soup version 0.28.0-49-g6dfe1f597d (webtiles) character file.

Game seed: 14897718070646267183

1736 Peloso the Carver (level 8, -5/71 HPs)
             Began as a Minotaur Fighter on May 12, 2022.
             Engulfed by a cloud of flame (20 damage)
             ... on level 6 of the Dungeon.
             The game lasted 00:12:02 (5974 turns).

Peloso the Carver (Minotaur Fighter)                Turns: 5974, Time: 00:12:02

Health: -5/71      AC: 17    Str: 21    XL:     8   Next: 76%
Magic:  7/7        EV:  8    Int:  5    God:
Gold:   212        SH:  5    Dex: 12    Spells: 7/7 levels left

rFire   . . .      SeeInvis .   a - +0 long sword
rCold   . . .      Faith    .   c - +0 buckler
rNeg    . . .      Spirit   .   e - +0 chain mail
rPois   .          Reflect  .   (helmet restricted)
rElec   .          Harm     .   (no cloak)
rCorr   .          Rampage  .   h - +2 pair of gloves
Will    .....                   (no boots)
Stlth   ..........              (no amulet)
HPRegen 0.21/turn               t - +4 ring of protection
MPRegen 0.10/turn               (no ring)

@: no status effects
A: horns 2, retaliatory headbutt
a: no special abilities


You were on level 6 of the Dungeon.
You visited 1 branch of the dungeon, and saw 6 of its levels.
You also visited: Sewer.

You collected 212 gold pieces.

Inventory:

Hand Weapons
 a - a +0 long sword (weapon)
Armour
 b - a +0 scale mail
 c - a +0 buckler (worn)
 e - a +0 chain mail (worn)
 h - a +2 pair of gloves (worn)
Jewellery
 n - an amulet of the acrobat
 r - a +6 ring of intelligence
 t - a +4 ring of protection (left hand)
 z - a ring of wizardry
Wands
 q - a wand of flame (32)
 y - a wand of charming (9)
Scrolls
 d - 2 scrolls of fog
 f - 2 scrolls of fear {unknown}
 g - a scroll of enchant weapon {unknown}
 i - a scroll of teleportation
 j - a scroll of noise
 k - a scroll of vulnerability {unknown}
 l - a scroll of amnesia {unknown}
 s - 5 scrolls of identify {unknown}
 w - a scroll of brand weapon {unknown}
 B - a scroll of immolation {unknown}
Potions
 m - a potion of mutation {unknown}
 o - 3 potions of curing
 p - 3 potions of brilliance {unknown}
 u - a potion of ambrosia {unknown}
 v - a potion of attraction {unknown}
 x - a potion of berserk rage
 A - a potion of haste {unknown}


   Skills:
 + Level 6.3 Fighting
 + Level 9.0 Long Blades
 + Level 7.3 Armour
 + Level 3.2 Dodging
 + Level 1.1 Stealth
 + Level 5.8 Shields


You had 7 spell levels left.
You didn't know any spells.
Your spell library contained the following spells:

 Spells                   Type           Power      Damage    Failure   Level
 Animate Skeleton         Necr           0%         N/A       99%         1
 Pain                     Necr           0%         1d4       99%         1
 Ignite Poison            Fire/Tmut/Pois 0%         N/A       100%        3
 Mephitic Cloud           Conj/Pois/Air  0%         N/A       100%        3
 Vampiric Draining        Necr           0%         2d6       100%        3
 Freezing Cloud           Conj/Ice/Air   0%         6-21      100%        5


Dungeon Overview and Level Annotations

Branches:
Dungeon (6/15)              Sewer (visited)
 Temple: D:4-7

Altars:
Hepliaklqana
Makhleb
Sif Muna
Trog
Wu Jian
Zin

Shops:
D:5 [


Innate Abilities, Weirdness & Mutations

You have a pair of horns on your head.
You reflexively headbutt those who attack you in melee.


Message History

p - 3 coppery potions (gained 2)
A - a murky black potion You see here a +0 helmet.
You see here an iguana skeleton.
Found 16 stones.
You see here an iguana skeleton.
Things that are here:
a +0 short sword; a stone You see here a +0 club.
Items here: (( )))).
Items here: ( )) ÷.
q - a wand of flame (32) (gained 23 charges)
B - a scroll labelled YKLU YWNAF Really walk into a travel-excluded area? [Y]es or [N]o only, please.
Really walk into a travel-excluded area?
Okay, then.
Things that are here:
a +0 short sword; 5 poisoned darts; a +0 dagger
Found a spear.
Found a stone staircase leading down.
Found a robe.
Found 25 arrows.
There is a stone staircase leading up here.
f - 2 scrolls labelled ROGEANK POHAMN (gained 1)
You see here 16 stones.
You see here a +0 helmet.
Partly explored, can't reach some items and places.
Partly explored, can't reach some items and places.
Really walk into a travel-excluded area? [Y]es or [N]o only, please.
Really walk into a travel-excluded area?
You are engulfed in blazing flames.
You are engulfed in blazing flames.
Really walk into that cloud of flame?
Okay, then.
You are engulfed in blazing flames.
* * * LOW HITPOINT WARNING * * *
Okay, then.
You are engulfed in blazing flames.
You die...

#..####...#...............)..
##..................##.......
#.......#####...#####.......
#.......# #.§.# ##...(.#
##......# #§○.# #...... #
#..##### #.§§# #..##..
########....######...######..##..
............#.§§§...$.§.☼.##.##..
###########...§○@.(.?.§○.........
###.§○☼...:.§.§.......#
######...#####.###### #§§§# #.#
#§○.# #.# #○.§# #.# #...#####.#
#........# ##########


There were no monsters in sight!

Vanquished Creatures
  Prince Ribbit (D:6)
  A water moccasin (Sewer)
  A black bear (D:5)
  A sky beast (D:6)
  An ice beast (D:6)
  3 ogres
  A kobold brigand (D:6)
  A phantom (D:4)
  A scorpion (D:6)
  A water moccasin skeleton (D:4)
  A centaur zombie (D:6)
  2 bullfrog zombies (D:5)
  2 jellies
  2 hounds (D:5)
  A bullfrog skeleton (D:4)
  3 iguanas
  2 orc wizards (D:5)
  A hound zombie (D:5)
  A hound skeleton (D:4)
  Robin (D:3)
  8 adders
  A white imp (D:6)
  An ufetubus (D:5)
  3 adder skeletons
  3 worms (D:2)
  3 dart slugs
  10 orcs
  10 ball pythons
  13 bats
  7 endoplasms
  2 giant cockroaches (D:4)
  20 goblins
  6 hobgoblins
  2 jackals (D:4)
  20 kobolds
  A quokka (D:1)
  4 frilled lizards
  6 rats
148 creatures vanquished.

Vanquished Creatures (others)
  A scorpion (D:6)
1 creature vanquished.

Grand Total: 149 creatures vanquished

Notes
Turn   | Place    | Note
-------+----------+-------------------------------------------
     0 | D:1      | Peloso the Minotaur Fighter began the quest for the Orb.
     0 | D:1      | Reached XP level 1. HP: 19/19 MP: 0/0
   302 | D:1      | Reached XP level 2. HP: 27/27 MP: 1/1
   691 | D:2      | Found a hazy altar of Hepliaklqana.
   726 | D:2      | Reached XP level 3. HP: 33/33 MP: 2/2
   775 | D:2      | Reached skill level 3 in Long Blades
   798 | D:2      | You fall into a shaft and drop 2 floors!
   798 | D:4      | Noticed a phantom
   805 | D:4      | Killed a phantom
   806 | D:4      | Reached skill level 1 in Dodging
   806 | D:4      | Reached XP level 4. HP: 27/41 MP: 3/3
  1177 | D:4      | Reached skill level 4 in Long Blades
  1177 | D:4      | Reached XP level 5. HP: 43/47 MP: 4/4
  1227 | D:4      | Found a shimmering blue altar of Sif Muna.
  1493 | D:4      | Reached skill level 5 in Armour
  1493 | D:4      | Reached XP level 6. HP: 49/55 MP: 5/5
  1530 | D:4      | Reached skill level 5 in Fighting
  1561 | D:3      | Reached skill level 5 in Long Blades
  1596 | D:3      | Noticed Robin
  1625 | D:3      | Killed Robin
  2007 | D:3      | Found a faded altar of an unknown god.
  4309 | D:5      | Entered Level 5 of the Dungeon
  4342 | D:5      | Found a bloodstained altar of Trog.
  4359 | D:5      | Reached XP level 7. HP: 61/61 MP: 6/6
  4421 | D:5      | Reached skill level 6 in Long Blades
  4500 | D:5      | Found a burning altar of Makhleb.
  4502 | D:5      | Found Ikihuw's Armour Shoppe.
  4748 | D:5      | Found a glowing drain.
  4764 | Sewer    | Entered a sewer
  4804 | Sewer    | Reached skill level 7 in Long Blades
  4914 | D:5      | Found a glowing silver altar of Zin.
  4916 | D:5      | Noticed an angel
  5029 | D:5      | Reached skill level 1 in Stealth
  5029 | D:5      | Reached XP level 8. HP: 58/70 MP: 7/7
  5161 | D:5      | Reached skill level 5 in Shields
  5352 | D:6      | Reached skill level 8 in Long Blades
  5463 | D:6      | Noticed Prince Ribbit
  5481 | D:6      | Killed Prince Ribbit
  5482 | D:6      | Reached skill level 9 in Long Blades
  5656 | D:6      | Found an ornate altar of the Wu Jian Council.
  5974 | D:6      | Engulfed by a cloud of flame

Illustrated notes

Levels and vault maps discovered:
D:1:      erik_arrival_blinker_ship, layout_loops_ring, st_stairs_5,
          minmay_bisected
D:2:      minmay_razor_zed, layout_basic, basic_altar, dk_noncrumbling_3
D:3:      layout_basic, shapermc_ecumenical_altar_mp_highgroup,
          hangedman_abyss_or_decor_lesser_grid, uniq_robin
D:4:      minmay_chambers_of_threes, layout_loops_ring,
          mainiacjoe_overflow_catwalk
D:5:      layout_basic, kennysheep_mini, zin_angel,
          nicolae_overflow_crystal_walls, portal_sewer_entry_d, serial_shops,
          shop
D:6:      layout_rooms, nicolae_wu_jian_immortal_techniques,
          lemuel_flame_loot_1, uniq_prince_ribbit1

Skill      XL: |  1  2  3  4  5  6  7  8 |
---------------+-------------------------+-----
Fighting       | 4 5 6 |  6.3
Armour         | 4 5 6 7 |  7.3
Shields        | 4 5 |  5.8
Long Blades    | 3 4 5 7 9 |  9.0
Dodging        | 1 2 3 |  3.2
Stealth        | 1 |  1.1

Action                   |  1- 3 |  4- 6 |  7- 9 || total
-------------------------+-------+-------+-------++-------
Melee: Long sword        |    70 |   195 |   140 ||   405
       Headbutt          |     5 |    27 |    23 ||    55
  Use: Potion            |     3 |       |       ||     3
       Scroll            |       |     4 |       ||     4
Armor: Scale mail        |    56 |   107 |       ||   163
       Chain mail        |       |     3 |   102 ||   105
Dodge: Dodged            |    57 |    97 |    62 ||   216
Block: Buckler           |    16 |    46 |    42 ||   104
